AoeStats
← LArcadia49

Nomad

510319163Analyzed
4v4 RM · 1d ago on Sep 30, 2026· 28m 15s· 8 players
Game mode
Random Map
Map size
231×231
Population
200
Speed
Normal
Resources
Standard
Victory
Conquest
Starting age
Dark Age
Ending age
Imperial Age
RankedLock teamsTeams togetherTeam positionsShared explorationLock speedFull tech treeHidden civsTurbo modeCheats
Victory
Defeat
🇹🇼 Spanish · Taiwan
1251
+13
🇨🇳 Chinese · China
1171
+16
🇮🇳 Huns · India
1170
+16
🇹🇼 Vietnamese · Taiwan
1037
+22
🇮🇹 Goths · Italy
1208
-18
🇨🇭 Mongols · Switzerland
1201
-18
🇨🇦 Malians · Canada
1145
-16
🇫🇷 Britons · France
1139
-15
Inklimus
3:23 Loom
14:17 Feudal Age
19:32 Castle Age
17:51 Fletching
18:05 Padded Archer Armor
18:46 Double-Bit Axe
20:31 Wheelbarrow
阿裁
15:59 Feudal Age
17:11 Loom
17:26 Double-Bit Axe
25:10 Castle Age
23:05 Gold Mining
22:58 Horse Collar
24:09 Stone Mining
24:23 Padded Archer Armor
26:15 Bow Saw
25:55 Crossbowman
27:46 Wheelbarrow
27:04 Fletching
O12
4:32 Loom
14:17 Feudal Age
18:04 Castle Age
17:46 Double-Bit Axe
19:54 Bow Saw
19:50 Town Watch
23:25 Fishing Lines
26:20 Horse Collar
26:55 Stone Mining
AztecKiller2427
3:30 Loom
13:10 Feudal Age
14:06 Double-Bit Axe
17:58 Scale Barding Armor
21:40 Castle Age
21:31 Forging
21:17 Horse Collar
21:52 Light Cavalry
22:32 Husbandry
27:07 Bloodlines
28:12 Chain Barding Armor
28:09 Bow Saw
Mr. Bolivar
3:46 Loom
14:01 Feudal Age
18:47 Castle Age
17:37 Double-Bit Axe
17:43 Stone Mining
17:45 Gold Mining
18:19 Horse Collar
18:32 Fletching
20:42 Wheelbarrow
20:11 Bodkin Arrow
22:06 Padded Archer Armor
26:03 Leather Archer Armor
26:28 Hand Cart
28:10 Forging
LArcadia49
3:21 Loom
12:59 Feudal Age
14:56 Double-Bit Axe
16:10 Wheelbarrow
19:27 Town Watch
23:54 Castle Age
24:15 Horse Collar
25:21 Fletching
25:32 Padded Archer Armor
25:32 Scale Mail Armor
25:43 Forging
27:15 Bodkin Arrow
27:36 Leather Archer Armor
27:22 Gold Mining
MLT | Bombad Gastald
8:56 Loom
13:14 Feudal Age
13:30 Man-at-Arms
21:29 Forging
21:12 Fletching
28:42 Castle Age
mark4u.24
5:19 Loom
15:49 Feudal Age
20:49 Castle Age
19:47 Fletching
Connection lost

Rejoining the realm…

Still unreachable

The connection could not be restored.

Session expired

The server has moved on; the page needs a fresh start.